 Dungeon Crawl Stone Soup version 0.18-a0-20-gaede791 (webtiles) character file.

277 Arkorax the Cudgeler (level 6, -3/57 HPs)
             Began as a Minotaur Fighter on Nov 2, 2015.
             Slain by septik's ghost (12 damage)
             ... on level 4 of the Dungeon.
             The game lasted 00:05:47 (2607 turns).

Arkorax the Cudgeler (Minotaur Fighter)             Turns: 2607, Time: 00:05:47

Health: -3/57      AC:  6    Str: 22    XL:     6   Next: 4%
Magic:  5/5        EV:  9    Int:  5    God:
Gold:   126        SH:  0    Dex: 10    Spells: 0 memorised, 5 levels left

rFire  . . .     SeeInvis .     a - +0 flail
rCold  + . .     Clarity  .     b - +0 scale mail
rNeg   . . .     SustAt   .     (no shield)
rPois  .         Gourm    .     (helmet restricted)
rElec  .         Spirit   .     (no cloak)
rCorr  .         Warding  .     (no gloves)
rMut   .         Stasis   .     (no boots)
MR     .....                    (no amulet)
Stlth  ..........               t - ring of protection from cold
                                (no ring)

@: not resistant to hostile enchantments, extremely unstealthy
A: retaliatory headbutt, horns 2
a: no special abilities


You were on level 4 of the Dungeon.
You were not hungry.

You visited 1 branch of the dungeon, and saw 4 of its levels.

You collected 126 gold pieces.

Inventory:

Hand Weapons
 a - a +0 flail (weapon)
Armour
 b - a +0 scale mail (worn)
 c - a +0 shield
Jewellery
 r - an uncursed ring of fire
 t - a ring of protection from cold (right hand)
 y - an uncursed ring of ice
Wands
 o - a wand of polymorph (8)
 u - a wand of magic darts (24)
Scrolls
 f - 2 scrolls of recharging {unknown}
 h - 4 scrolls of enchant armour {unknown}
 j - a scroll of magic mapping {unknown}
 k - 5 scrolls of identify {unknown}
 p - a scroll of remove curse {unknown}
 q - a scroll of enchant weapon {unknown}
 s - 2 scrolls of teleportation {unknown}
 z - a scroll of random uselessness {unknown}
Potions
 d - a potion of might
 g - 2 potions of curing {unknown}
 i - 2 potions of mutation {unknown}
 n - 2 potions of magic {unknown}
 v - a potion of lignification {unknown}
 w - a potion of degeneration {unknown}
 x - a potion of poison {unknown}
Comestibles
 e - 2 bread rations
 l - a meat ration
 m - 2 fruits
 A - a royal jelly


   Skills:
 + Level 5.9 Fighting
 * Level 6.1 Maces & Flails
 - Level 3.6 Armour
 - Level 0.1 Stealth
 - Level 3.6 Shields


You had 5 spell levels left.
You didn't know any spells.

Dungeon Overview and Level Annotations

Branches:
Dungeon (4/15)             Temple (0/1) D:4

Altars:
Dithmenos
Nemelex Xobeh
Qazlal

Annotations:
D:4 Dowan; Duvessa; septik's ghost, amateur DDFi


Innate Abilities, Weirdness & Mutations

You reflexively headbutt those who attack you in melee.
You have a pair of horns on your head.


Message History

Septik's ghost is lightly damaged.
The giant cockroach bites you but does no damage.
Septik's ghost closely misses you. You furiously retaliate!
You headbutt septik's ghost, but do no damage.
You closely miss septik's ghost.
Septik's ghost is lightly damaged.
The giant cockroach closely misses you. You furiously retaliate!
You headbutt the giant cockroach!
You kill the giant cockroach!
Septik's ghost hits you.
Your scale mail prevents you from hitting septik's ghost.
You headbutt septik's ghost.
Septik's ghost is lightly damaged.
Septik's ghost hits you. Septik's ghost hits you!
* * * LOW HITPOINT WARNING * * *
You sock septik's ghost!
You headbutt septik's ghost, but do no damage.
Septik's ghost is moderately damaged.
Septik's ghost hits you!
You die...

............##
#......†...##
## #######.####
...
#####.#.###.#
##...#.......##
#..............
##...#....####.
######W..#
#@..# ##.## .#
.# .# .. #. .


You could see septik's ghost.

Vanquished Creatures
  A centaur (D:3)
  Jessica (D:3)
  2 orc wizards (D:3)
  A worker ant (D:4)
  3 adders
  2 oozes (D:1)
  5 worms
  2 giant geckos
  An orc (D:3)
  3 giant cockroaches
  9 goblins
  2 hobgoblins
  6 jackals
  6 kobolds
  A quokka (D:4)
  2 ball pythons
  6 bats
  A giant newt (D:1)
  9 rats
63 creatures vanquished.

Notes
Turn   | Place    | Note
--------------------------------------------------------------
     0 | D:1      | Arkorax the Minotaur Fighter began the quest for the Orb.
     0 | D:1      | Reached XP level 1. HP: 19/19 MP: 0/0
    28 | D:1      | Reached skill level 4 in Fighting
    57 | D:1      | Reached XP level 2. HP: 20/27 MP: 1/1
   176 | D:1      | Found a sparkling altar of Nemelex Xobeh.
   585 | D:2      | Reached XP level 3. HP: 32/34 MP: 2/2
  1142 | D:2      | Found a shadowy altar of Dithmenos.
  1435 | D:3      | Noticed Jessica
  1440 | D:3      | Killed Jessica
  1440 | D:3      | Reached skill level 5 in Fighting
  1440 | D:3      | Reached XP level 4. HP: 40/42 MP: 3/3
  1716 | D:3      | Noticed a centaur
  1723 | D:3      | Killed a centaur
  1723 | D:3      | Reached skill level 5 in Maces & Flails
  1723 | D:3      | Reached XP level 5. HP: 21/48 MP: 4/4
  2565 | D:4      | Found a staircase to the Ecumenical Temple.
  2573 | D:4      | Noticed Dowan
  2574 | D:4      | Noticed Duvessa
  2588 | D:4      | Found a stormy altar of Qazlal.
  2588 | D:4      | Noticed septik's ghost (amateur DDFi)
  2593 | D:4      | Reached skill level 6 in Maces & Flails
  2593 | D:4      | Reached XP level 6. HP: 42/57 MP: 5/5
  2607 | D:4      | Slain by septik's ghost

Vault maps used:
D:1:      eino_arrival_druids_welcome, nemelex_xobeh_ov_fountains_minmay
D:2:      nicolae_dithmenos_through_a_glass_darkly
D:3:      first_bread, kennysheep_cross_bottleneck, dk_noncrumbling_4,
          uniq_jessica
D:4:      gammafunk_temple_overflow_statue, nicolae_qazlal_style_of_elements,
          temple_doors_e, uniq_duvessa, uniq_grinder

Action                   |  1- 3 |  4- 6 || total
-------------------------+-------+-------++-------
Melee: Flail             |    76 |    57 ||   133
  Eat: Chunk             |     2 |       ||     2
       Bread ration      |       |     1 ||     1
